AoeStats
← Simon Stokvis

Nomad

509895895Analyzed
4v4 RM · 2d ago on Sep 28, 2026· 12m 34s· 8 players
Game mode
Random Map
Map size
231×231
Population
200
Speed
Normal
Resources
Standard
Victory
Conquest
Starting age
Dark Age
Ending age
Imperial Age
RankedLock teamsTeams togetherTeam positionsShared explorationLock speedFull tech treeHidden civsTurbo modeCheats
Victory
Defeat
🇨🇳 Koreans · China
1710
+16
🇬🇧 Persians · United Kingdom
1705
+16
🇨🇳 Vietnamese · China
1692
+17
🇳🇱 Malay · Netherlands
1578
+22
🇨🇳 Varangians · China
1752
-19
🇺🇸 Huns · United States
1709
-18
🇯🇵 Vietnamese · Japan
1696
-17
🇧🇷 Berbers · Brazil
1692
-17
nagato2025
3:04 Loom
13:35 Feudal Age
Kiyomizu-dera
6:26 Loom
13:53 Feudal Age
Varrus
4:26 Loom
Fs.churacoRS
13:44 Feudal Age
fdd
4:58 Loom
11:26 Feudal Age
12:20 Double-Bit Axe
香香瓜子壳
5:25 Loom
14:24 Feudal Age
Simon Stokvis
2:56 Loom
14:05 Feudal Age
III
5:05 Loom
14:24 Feudal Age
Connection lost

Rejoining the realm…

Still unreachable

The connection could not be restored.

Session expired

The server has moved on; the page needs a fresh start.